 Dungeon Crawl Stone Soup version 0.29-a0-275-g389c0b56f3 (webtiles) character file.

Game seed: 10452853582036349656

11 Leszczynek the Chopper (level 2, 22/22 HPs)
             Began as a Human Gladiator on Mar 11, 2022.
             Was a Follower of Fedhas.
             Quit the game on level 1 of the Dungeon.
             The game lasted 00:01:47 (221 turns).

Leszczynek the Chopper (Human Gladiator)             Turns: 221, Time: 00:01:47

Health: 22/22      AC:  4    Str: 14    XL:     2   Next: 35%
Magic:  2/2        EV: 12    Int:  8    God:    Fedhas [*.....]
Gold:   42         SH:  0    Dex: 14    Spells: 1/1 levels left

rFire   . . .      SeeInvis .   a - +0 war axe
rCold   . . .      Faith    .   (no shield)
rNeg    . . .      Spirit   .   b - +0 leather armour
rPois   .          Reflect  .   c - +0 helmet
rElec   .          Harm     .   (no cloak)
rCorr   .          Rampage  .   (no gloves)
Will    .....                   (no boots)
Stlth   +.........              (no amulet)
HPRegen 0.07/turn               (no ring)
MPRegen 0.08/turn               (no ring)

@: no status effects
A: no striking features
a: Renounce Religion


You were on level 1 of the Dungeon.
You worshipped Fedhas.
Fedhas was aware of your devotion.
You visited 1 branch of the dungeon, and saw 1 of its levels.

You collected 42 gold pieces.

Inventory:

Hand Weapons
 a - a +0 war axe (weapon)
Missiles
 d - 3 throwing nets
 e - a javelin
 f - 53 stones (quivered)
Armour
 b - a +0 leather armour (worn)
 c - a +0 helmet (worn)
Scrolls
 i - a scroll of enchant weapon {unknown}
Potions
 g - a potion of mutation {unknown}
 h - a potion of flight {unknown}


   Skills:
 - Level 2.0 Fighting
 + Level 3.6 Axes
 - Level 2.0 Throwing
 - Level 3.0 Dodging


You had one spell level left.
You didn't know any spells.
Your spell library contained the following spells:

 Spells                   Type           Power      Damage    Failure   Level
 Pain                     Necr           0%         1d4       50%         1


Dungeon Overview and Level Annotations

Branches:
Dungeon (1/15)

Altars:
Fedhas


Message History

You kill the dart slug!
You see here a dart slug corpse.
A ball python comes into view.
You slash the ball python!
You kill the ball python!
A kobold comes into view. It is wielding a +0 short sword.
Found a bubbling green potion.
The kobold shouts!
The kobold throws a stone.
The stone hits you but does no damage.
Throw: 49 stones
Press: ? - help, Q - select action, (/) - cycle Shift-Dir - straight line, f - kobold
Aim: a kobold, wielding a +0 short sword and quivering stones (53% to hit)
You throw a stone.
The stone hits the kobold but does no damage.
Throw: 48 stones
Press: ? - help, Q - select action, (/) - cycle Shift-Dir - straight line, f/p - kobold
Aim: a kobold, wielding a +0 short sword and quivering stones (53% to hit)
You throw a stone. The stone closely misses the kobold.
The kobold throws a stone.
The stone hits you but does no damage. The kobold misses you.
You barely miss the kobold. The kobold hits you but does no damage.
You closely miss the kobold. The kobold hits you but does no damage.
You hit the kobold but do no damage. The kobold closely misses you.
The kobold barely misses you.
You closely miss the kobold. The kobold hits you but does no damage.
You hit the kobold.
You kill the kobold!
f - 51 stones (gained 4)
You see here a +0 short sword.
f - 53 stones (gained 2)
Found Plato's Collected Works on Sinister Rituals.
Found a faded altar of an unknown god.
You pick up Plato's Collected Works on Sinister Rituals and begin reading...
You add the spell Pain to your library.
There is a faded altar of an unknown god here.
You cannot tell which god this altar belongs to.
Convert to them anyway?
Fedhas accepts your prayer! Fedhas welcomes you!
The plants of the dungeon cease their hostilities.
Are you sure you want to abandon this character and quit the game? (Confirm with "yes".)

.#..#)........ #. ##
...#......... ## .
...##.##...... # .
!.#.##.# #....# #.
#.##.# #....# ##
####.####.##.###...####.
...................##...
...^..^...^^.^....#....#
#P#.#P@P#.#.#.........#
#####.#.#....####..
.#P#..........# ##
#........).#.
..+......... ##.........
#......... #.........
#.........


There were no monsters in sight!

Vanquished Creatures
  A dart slug (D:1)
  A ball python (D:1)
  A hobgoblin (D:1)
  3 kobolds (D:1)
  A bat (D:1)
  A frilled lizard (D:1)
  2 rats (D:1)
10 creatures vanquished.

Notes
Turn   | Place    | Note
-------+----------+-------------------------------------------
     0 | D:1      | Leszczynek the Human Gladiator began the quest for the Orb.
     0 | D:1      | Reached XP level 1. HP: 16/16 MP: 1/1
   170 | D:1      | Reached XP level 2. HP: 18/22 MP: 2/2
   212 | D:1      | Found a faded altar of an unknown god.
   219 | D:1      | Got Plato's Collected Works on Sinister Rituals
   220 | D:1      | Prayed at the altar of an unknown god.
   220 | D:1      | Became a worshipper of Fedhas Madash
   220 | D:1      | Reached * piety under Fedhas
   221 | D:1      | Quit the game

Illustrated notes

Levels and vault maps discovered:
D:1:      onia_arrival_pentagram, layout_basic,
          shapermc_ecumenical_altar_rom_forum

Action                   || total
-------------------------++-------
Melee: War axe           ||    20
Throw: Stone             ||    10
       Throwing net      ||     1
Armor: Leather armour    ||    12
Dodge: Dodged            ||    13

Table legend: (Time is in decaauts)
 A = Elapsed time spent in this place.
 B = Non-inter-level travel time spent in this place.
 C = Inter-level travel time spent in this place.
 D = Time resting spent in this place.
 E = Time spent auto-exploring this place.
 F = Levels seen in this place.
 G = Mean time per level.
                   A        B        C        D        E       F      G
               +--------+--------+--------+--------+--------+-----+--------+
         Total |    227 |    208 |     19 |      0 |      0 |   1 |  227.0 |
       Dungeon |    227 |    208 |     19 |      0 |      0 |   1 |  227.0 |
               +--------+--------+--------+--------+--------+-----+--------+

Top non-repeatable levels by time:
     D:1: 227 daAuts
